 Dungeon Crawl Stone Soup version 0.31-a0-1165-g196b491b36 (webtiles) character file.

Game seed: 9428244153461799054

10 Lobster4 the Caller (level 2, -1/16 HPs)
             Began as a Tengu Summoner on Dec 9, 2023.
             Slain by Jessica
             ... wielding a +6 spectral club
              (7 damage)
             ... on level 2 of the Dungeon.
             The game lasted 00:02:19 (663 turns).

Lobster4 the Caller (Tengu Summoner)                 Turns: 663, Time: 00:02:19

Health: -1/16      AC:  2    Str:  8    XL:     2   Next: 20%
Magic:  4/6        EV: 12    Int: 15    God:
Gold:   62         SH:  0    Dex: 14    Spells: 2/5 levels left

rFire   . . .        c - +0 club
rCold   . . .        g - orb {*channel}
rNeg    . . .        a - +0 robe
rPois   .            (helmet restricted)
rElec   .            (no cloak)
rCorr   .            (no gloves)
SInv    .            (boots unavailable)
Will    .....        (no amulet)
Stlth   ++           (no ring)
HPRegen 0.22/turn    (no ring)
MPRegen 0.10/turn

%: acrobat, channel magic (20%)
@: no status effects
A: beak, talons 3, acrobatic
a: no special abilities


You were on level 2 of the Dungeon.
You visited 1 branch of the dungeon, and saw 2 of its levels.

You collected 62 gold pieces.

Inventory:

Hand Weapons
 c - a +0 club (weapon)
Missiles
 d - 7 stones
Armour
 a - a +0 robe (worn)
 g - an orb of energy (worn)
 i - a +0 pair of boots
Scrolls
 e - 3 scrolls of poison {unknown}
 h - a scroll of teleportation {unknown}
Potions
 b - a potion of magic
 f - a potion of might {unknown}


   Skills:
 + Level 0.5 Fighting
 + Level 0.6 Armour
 + Level 2.4 Dodging
 - Level 2.0 Stealth
 + Level 2.1 Spellcasting
 + Level 4.9 Summonings


You had 2 spell levels left.
You knew the following spells:

 Your Spells              Type           Power      Damage    Failure   Level
a - Summon Small Mammal   Summ           64%        N/A       10%         1
b - Call Imp              Summ           32%        N/A       13%         2

Your spell library contained the following spells:

 Spells                   Type           Power      Damage    Failure   Level
 Call Canine Familiar     Summ           16%        N/A       22%         3
 Summon Guardian Golem    Hex/Summ       9%         N/A       45%         3
 Summon Lightning Spire   Summ/Air       9%         N/A       80%         4


Dungeon Overview and Level Annotations

Branches:
Dungeon (2/15)

Altars:

Annotations:
D:2 Jessica


Innate Abilities, Weirdness & Mutations

You have a beak for a mouth.
You have claws for feet.
You can magically evade attacks while moving or waiting.


Message History

You see here a frilled lizard corpse.
Your quokka disappears in a puff of smoke!
You enter the shallow water.
Moving in this stuff is going to be slow.
You enter the shallow water.
Moving in this stuff is going to be slow.
Your cerulean imp disappears in a puff of smoke!
You now have 62 gold pieces (gained 12).
Casting: Call Imp (safe; 13% risk of failure)
Confirm with . or Enter, or press ? or * to list all spells.
Unknown command.
Casting: Summon Small Mammal (safe; 10% risk of failure)
Confirm with . or Enter, or press ? or * to list all spells.
Unknown command.
The endoplasm barely misses you.
Your rat barely misses the endoplasm.
You hit the endoplasm.
The endoplasm is heavily wounded.
The endoplasm barely misses you.
Your rat bites the endoplasm. x2
You hit the endoplasm.
You kill the endoplasm!
No target in view!
Done exploring.
Done exploring.
Search for what [? for help]? .
You swap places.
Your rat disappears in a puff of smoke!
Your rat disappears in a puff of smoke!
There is a stone staircase leading down here.
You climb downwards.
There is a stone staircase leading up here.
The helpless Jessica fails to defend herself.
You hit Jessica. You claw Jessica.
Jessica is severely wounded.
Jessica hits you with a +6 spectral club!
Ouch! That really hurt!
Casting: Summon Small Mammal (safe; 10% risk of failure)
Confirm with . or Enter, or press ? or * to list all spells.
A tiny devil pulls itself out of the air.
Jessica hits you with a +6 spectral club!
You die...

#######
#####.5.....
#..@@.#
#.#####


You could see Jessica (ally target) and a friendly cerulean imp (summoned).

Vanquished Creatures
  An endoplasm (D:1)
  A goblin (D:1)
  A quokka (D:1)
  A ball python (D:1)
  A frilled lizard (D:1)
5 creatures vanquished.

Vanquished Creatures (collateral kills)
  2 ball pythons (D:1)
  A quokka (D:1)
  A kobold (D:1)
4 creatures vanquished.

Grand Total: 9 creatures vanquished

Notes
Turn   | Place    | Note
-------+----------+-------------------------------------------
     0 | D:1      | Lobster4 the Tengu Summoner began the quest for the Orb.
     0 | D:1      | Reached XP level 1. HP: 10/10 MP: 4/4
   238 | D:1      | Reached XP level 2. HP: 13/16 MP: 3/6
   246 | D:1      | Learned a level 2 spell: Call Imp
   365 | D:1      | Found a faded altar of an unknown god.
   661 | D:2      | Noticed Jessica
   663 | D:2      | Slain by Jessica

Illustrated notes

Levels and vault maps discovered:
D:1:      psy_arrival_heroes, layout_basic, ebering_ecumenical_altar_mist,
          chequers_serial_rivers_small_b, moated_statue, bh_walls_and_bars
D:2:      wander_river, layout_loops_ring, uniq_jessica, uniq_robin

Action                     || total
---------------------------++-------
  Melee: Club              ||    12
         Kick              ||     3
         Peck              ||     1
   Cast: Summon Small Mamm ||    14
         Call Imp          ||     2
   Stab: Sleeping          ||     1
 Armour: Robe              ||     6
  Dodge: Dodged            ||    15

Table legend: (Time is in decaauts)
 A = Elapsed time spent in this place.
 B = Non-inter-level travel time spent in this place.
 C = Inter-level travel time spent in this place.
 D = Time resting spent in this place.
 E = Time spent auto-exploring this place.
 F = Levels seen in this place.
 G = Mean time per level.
                   A        B        C        D        E       F      G
               +--------+--------+--------+--------+--------+-----+--------+
         Total |    667 |    661 |      6 |     13 |    511 |   2 |  333.5 |
       Dungeon |    667 |    661 |      6 |     13 |    511 |   2 |  333.5 |
               +--------+--------+--------+--------+--------+-----+--------+

Top non-repeatable levels by time:
     D:1: 665 daAuts
     D:2: 2 daAuts
